 Dungeon Crawl Stone Soup version 0.30-a0-1066-g63dfefce0d (webtiles) character file.

Game seed: 1401803307630996049

105 Ihaveafatcat the Trooper (level 4, 0/41 HPs)
             Began as a Hill Orc Fighter on Apr 12, 2023.
             Was an Initiate of Beogh.
             Slain by Grinder (7 damage)
             ... on level 3 of the Dungeon.
             The game lasted 00:03:34 (1565 turns).

Ihaveafatcat the Trooper (Hill Orc Fighter)         Turns: 1565, Time: 00:03:35

Health: 0/41       AC:  7    Str: 20    XL:     4   Next: 83%
Magic:  4/4        EV:  9    Int:  8    God:    Beogh [......]
Gold:   67         SH:  4    Dex: 10    Spells: 3/3 levels left

rFire   . . .      SeeInvis .    a - +0 war axe
rCold   . . .      Faith    .    c - +0 buckler
rNeg    . . .      Spirit   .    b - +0 scale mail
rPois   .          Reflect  .    (no helmet)
rElec   .          Rampage  .    (no cloak)
rCorr   +                        (no gloves)
Will    +....                    (no boots) Stlth
                                 (no amulet)
HPRegen 0.26/turn                i - ring of willpower
MPRegen 0.09/turn                k - ring of resist corrosion

@: no status effects
A: no striking features
a: Renounce Religion


You were on level 3 of the Dungeon.
You worshipped Beogh.
Beogh was noncommittal.
You visited 1 branch of the dungeon, and saw 3 of its levels.

You collected 165 gold pieces.
You spent 98 gold pieces at shops.

Inventory:

Hand Weapons
 a - a +0 war axe (weapon)
Missiles
 g - a throwing net (quivered)
Armour
 b - a +0 scale mail (worn)
 c - a +0 buckler (worn)
Jewellery
 e - a ring of fire
 i - a ring of willpower (left hand)
 k - a ring of resist corrosion (right hand)
Scrolls
 f - a scroll of noise {unknown}
 j - a scroll of poison {unknown}
 p - a scroll of teleportation
 q - 3 scrolls of identify
 r - a scroll of brand weapon {unknown}
Potions
 d - a potion of might
 h - 2 potions of degeneration {unknown}
 l - a potion of curing
 m - a potion of berserk rage {unknown}
 n - a potion of heal wounds {unknown}
 o - a potion of mutation {unknown}


   Skills:
 + Level 4.5 Fighting
 + Level 3.9 Axes
 + Level 4.1 Armour
 + Level 4.1 Shields


You had 3 spell levels left.
You didn't know any spells.
Your spell library was empty.

Dungeon Overview and Level Annotations

Branches:
Dungeon (3/15)

Altars:

Shops:
D:2 ?   D:3 (

Annotations:
D:3 Grinder


Message History

Grinder is moderately wounded.
Grinder completely misses you.
You closely miss Grinder.
Grinder is moderately wounded.
Grinder barely misses you.
You closely miss Grinder.
Grinder is moderately wounded.
Grinder hits you!
You writhe in agony.
Grinder hits you.
You closely miss Grinder.
Grinder is moderately wounded.
Grinder misses you.
You closely miss Grinder.
Grinder is moderately wounded.
Grinder barely misses you.
You hit Grinder.
Grinder is heavily wounded.
Grinder blinks!
You are too injured to fight recklessly!
You see here a human corpse.
Grinder says, "Wait up."
Grinder gestures at you.
You easily resist.
You see here a human corpse.
Grinder hits you.
You writhe in agony.
Grinder hits you. Grinder hits you.
* * * LOW HITPOINT WARNING * * *
You writhe in agony.
* * * LOW HITPOINT WARNING * * *
Grinder blinks!
You hit Grinder.
Grinder is heavily wounded.
Grinder hits you but does no damage.
You barely miss Grinder.
Grinder is heavily wounded.
You block Grinder's attack.
You closely miss Grinder.
Grinder is heavily wounded.
Grinder drinks a potion.
Grinder is healed!
Grinder hits you!
You die...

........#####..#
###............#
.......#.####.##
#####.###.## #.#
##.# ### ## ###.##
...#####...##
#.#..#...).##.#
####....@5.......#
...........∩...###
...............#
######.##.....##
#. ##...## ..
##### ###


You could see Grinder.

Vanquished Creatures
  An orc wizard (D:2)
  4 adders
  2 worms
  A dart slug (D:2)
  An orc (D:2)
  A bat (D:1)
  3 endoplasms
  2 giant cockroaches
  3 goblins
  4 hobgoblins (D:1)
  2 jackals (D:1)
  2 kobolds
  A ball python (D:1)
  2 frilled lizards
  7 rats
36 creatures vanquished.

Vanquished Creatures (others)
  A bat (D:2)
  A fungus (D:1)
  3 plants (D:1)
5 creatures vanquished.

Grand Total: 41 creatures vanquished

Notes
Turn   | Place    | Note
-------+----------+-------------------------------------------
     0 | D:1      | Ihaveafatcat the Hill Orc Fighter began the quest for the
                  | Orb.
     0 | D:1      | Reached XP level 1. HP: 19/19 MP: 1/1
    82 | D:1      | Reached XP level 2. HP: 27/27 MP: 2/2
   267 | D:1      | Found a faded altar of an unknown god.
   672 | D:2      | Reached XP level 3. HP: 33/33 MP: 3/3
   786 | D:2      | Became a worshipper of Beogh the Brigand
   829 | D:2      | Reached XP level 4. HP: 35/40 MP: 4/4
   989 | D:2      | Found Koaczups's Magic Scroll Shoppe.
  1013 | D:2      | Bought a scroll of teleportation for 42 gold pieces
  1013 | D:2      | Bought a scroll of identify for 28 gold pieces
  1013 | D:2      | Bought a scroll of identify for 28 gold pieces
  1536 | D:3      | Found Possow's Weapon Shoppe.
  1538 | D:3      | Noticed Grinder
  1565 | D:3      | Slain by Grinder

Illustrated notes

Levels and vault maps discovered:
D:1:      minmay_arrival_radiant_lines, layout_basic,
          dreamdust_ecumenical_altar_hidden_monk_grotto, corner_web_ring,
          st_stairs_3
D:2:      layout_loops_cross, serial_shops, shop_coins, grunt_decor_resistance
D:3:      layout_loops_ring, nicolae_overflow_ecumenical_swirl, serial_shops,
          nicolae_shop_bloodbath_and_beyond, st_stairs_10, uniq_grinder

Skill      XL: |  1  2  3  4 |
---------------+-------------+-----
Axes           | 3 |  3.9
Fighting       | 4 |  4.5
Armour         | 4 |  4.1
Shields        | 4 |  4.1

Action                     |  1- 3 |  4- 6 || total
---------------------------+-------+-------++-------
  Melee: War axe           |   100 |    56 ||   156
 Invoke: Convert to Beogh  |     1 |       ||     1
 Armour: Scale mail        |    57 |    28 ||    85
  Dodge: Dodged            |    62 |    25 ||    87
  Block: Buckler           |    24 |    10 ||    34

Table legend: (Time is in decaauts)
 A = Elapsed time spent in this place.
 B = Non-inter-level travel time spent in this place.
 C = Inter-level travel time spent in this place.
 D = Time resting spent in this place.
 E = Time spent auto-exploring this place.
 F = Levels seen in this place.
 G = Mean time per level.
                   A        B        C        D        E       F      G
               +--------+--------+--------+--------+--------+-----+--------+
         Total |   1623 |   1621 |      2 |      0 |   1213 |   3 |  541.0 |
       Dungeon |   1623 |   1621 |      2 |      0 |   1213 |   3 |  541.0 |
               +--------+--------+--------+--------+--------+-----+--------+

Top non-repeatable levels by time:
     D:2: 759 daAuts
     D:1: 628 daAuts
     D:3: 235 daAuts
